 Dungeon Crawl Stone Soup version 0.17.1-3-g152610e (webtiles) character file.

22 DanteCalvez the Vexing (level 2, 0/19 HPs)
             Began as a Vampire Enchanter on Apr 14, 2016.
             Slain by an adder (2 damage)
             ... on level 2 of the Dungeon.
             The game lasted 00:03:39 (1351 turns).

DanteCalvez the Vexing (Vampire Enchanter)          Turns: 1351, Time: 00:03:39

Health: 0/19       AC:  3    Str: 10    XL:     2   Next: 68%
Magic:  1/5        EV: 12    Int: 17    God:
Gold:   148        SH:  0    Dex: 14    Spells: 2 memorised, 3 levels left

rFire  . . .     SeeInvis +     a - +1 dagger
rCold  + . .     Clarity  .     b - +1 robe
rNeg   + + .     SustAt   .     (no shield)
rPois  +         Gourm    .     (no helmet)
rElec  .         Spirit   .     (no cloak)
rCorr  .         Warding  .     (no gloves)
rMut   .         Stasis   .     (no boots)
MR     .....                    (no amulet)
Stlth  +++.......               (no ring)
                                d - +3 ring of strength

@: regenerating slowly, not resistant to hostile enchantments, fairly stealthy
A: fangs 3, see invisible, unbreathing
a: no special abilities


You were on level 2 of the Dungeon.
You were very thirsty.

You visited 1 branch of the dungeon, and saw 2 of its levels.

You collected 148 gold pieces.


Innate Abilities, Weirdness & Mutations

You heal slowly.
You have razor-sharp teeth.
You have supernaturally acute eyesight.
You can survive without breathing.


   Skills:
 - Level 1.1 Short Blades
 - Level 2.1 Dodging
 + Level 4.8 Stealth
 + Level 2.6 Spellcasting
 + Level 4.8 Hexes


You had 3 spell levels left.
You knew the following spells:

 Your Spells              Type           Power        Failure   Level  Hunger
a - Corona                Hex            ###....      2%          1    #......
s - Ensorcelled Hibernat  Hex/Ice        ##....       12%         2    ##.....

Inventory:

Hand Weapons
 a - a +1 dagger (weapon)
Armour
 b - a +1 robe (worn)
Jewellery
 d - a +3 ring of strength (left hand)
Scrolls
 e - 5 scrolls of identify {unknown}
 f - a scroll of amnesia {unknown}
 h - a scroll of magic mapping {unknown}
 i - a scroll of immolation {unknown}
Potions
 g - a potion of heal wounds {unknown}
 j - a potion of agility {unknown}
 k - a potion of degeneration {unknown}
 q - 5 potions of blood {@q4}
Books
 c - a book of Maledictions

   Spells                             Type                      Level
   a - Corona                         Hexes                        1
   b - Ensorcelled Hibernation        Hexes/Ice                    2
   c - Confuse                        Hexes                        3
   d - Tukima's Dance                 Hexes                        3
   e - Dazzling Spray                 Conjuration/Hexes            3

Dungeon Overview and Level Annotations

Branches:
Dungeon (2/15)

Altars:

##....# #..#
#######.....#
##.#
#........#..#
#.#
#.#####..#..#
#.# ..# #..##.#
#.# ### #..##.#
#.# #..##.# #.#
#..##.######.###
#..##....SV....#
..##.######.#.#
#.# #.#.# #.#
#.#.# #.# #.#.#
#.# ..#.# #.#
###.# # #.# #.#
#.##.# ..#


You could see an adder.


Message History

Aiming: Ensorcelled Hibernation
Aim: an adder (chance to defeat MR: 50%)
The adder resists with some effort.
The adder misses you.
Aiming: Ensorcelled Hibernation
Aim: an adder (chance to defeat MR: 50%)
The adder resists with some effort.
The adder misses you.
You don't have enough magic to cast that spell.
The adder bites you. The adder barely misses you. The adder misses you.
Aiming: Ensorcelled Hibernation
Aim: an adder (chance to defeat MR: 50%)
The adder resists with some effort.
The adder bites you. The adder closely misses you.
The adder bites you but does no damage. The adder completely misses you.
The adder misses you. The adder closely misses you. The adder bites you.
* * * LOW HITPOINT WARNING * * *
Aiming: Ensorcelled Hibernation
Aim: an adder (chance to defeat MR: 50%)
The adder resists with some effort.
The adder barely misses you. The adder barely misses you. The adder bites you.
* * * LOW HITPOINT WARNING * * *
The adder closely misses you. The adder bites you but does no damage.
The adder bites you.
You die...

Action                   || total
-------------------------++-------
Melee: Dagger            ||    39
 Cast: Corona            ||     1
       Ensorcelled Hiber ||    13
 Stab: Sleeping          ||     9
       Distracted        ||     1

Vault maps used:
D:1:      saegor_arrival_simple_b
D:2:      serial_forest, infiniplex_forest_clump_tiny, infiniplex_forest_end_1,
          infiniplex_forest_lined_1, infiniplex_forest_lined_room_2,
          infiniplex_forest_join, infiniplex_forest_join,
          infiniplex_forest_lined_room_3, infiniplex_forest_lined_3_way,
          infiniplex_forest_straight_5

Notes
Turn   | Place    | Note
--------------------------------------------------------------
     0 | D:1      | DanteCalvez the Vampire Enchanter began the quest for the Orb.
     0 | D:1      | Reached XP level 1. HP: 13/13 MP: 3/3
   211 | D:1      | Reached XP level 2. HP: 14/19 MP: 5/5
   215 | D:1      | Learned a level 2 spell: Ensorcelled Hibernation
  1351 | D:2      | Slain by an adder

Vanquished Creatures
  A worm (D:2)
  A giant gecko (D:1)
  2 bats (D:1)
  2 giant cockroaches (D:1)
  3 goblins (D:1)
  2 jackals (D:1)
  A kobold (D:1)
  3 giant newts (D:2)
  2 rats
17 creatures vanquished.
